 Dungeon Crawl Stone Soup version 0.29.1-12-g30fa7ad0bf (webtiles) character file.

Game seed: 726657214331678214

14 hawla the Chiller (level 2, -4/20 HPs)
             Began as a Meteoran Ice Elementalist on Jan 14, 2023.
             Slain by a worm (10 damage)
             ... on level 3 of the Dungeon.
             The game lasted 00:01:35 (229 turns).

hawla the Chiller (Meteoran Ice Elementalist)        Turns: 229, Time: 00:01:36

Health: -4/20      AC:  2    Str:  9    XL:     2   Next: 82%
Magic:  2/6        EV: 12    Int: 16    God:
Gold:   40         SH:  0    Dex: 14    Spells: 5/6 levels left

rFire   . . .      SeeInvis .   (no weapon)
rCold   . . .      Faith    .   (no shield)
rNeg    . . .      Spirit   .   a - +0 robe
rPois   .          Reflect  .   (no helmet)
rElec   .          Harm     .   (no cloak)
rCorr   .          Rampage  .   (no gloves)
Will    .....                   (no boots)
Stlth   +.........              (no amulet)
HPRegen 0.06/turn               (no ring)
MPRegen 0.10/turn               (no ring)

@: very slightly contaminated, glowing
A: sense surroundings 1, otherworldly, glowing, explore regen
a: no special abilities


You were on level 3 of the Dungeon.
You visited 1 branch of the dungeon, and saw 3 of its levels.

You collected 40 gold pieces.

Inventory:

Armour
 a - a +0 robe (worn)
Scrolls
 c - a scroll of fear {unknown}
 e - 2 scrolls of identify {unknown}
Potions
 b - a potion of magic
 d - 2 potions of brilliance {unknown}
 f - a potion of attraction {unknown}


   Skills:
 + Level 2.4 Dodging
 - Level 1.4 Stealth
 + Level 2.9 Spellcasting
 + Level 5.0 Ice Magic


You had 5 spell levels left.
You knew the following spells:

 Your Spells              Type           Power      Damage    Failure   Level
a - Freeze                Ice            72%        1d9       2%          1

Your spell library contained the following spells:

 Spells                   Type           Power      Damage    Failure   Level
 Frozen Ramparts          Ice            36%        1d6       8%          3
 Ozocubu's Armour         Ice            18%        N/A       8%          3
 Hailstorm                Conj/Ice       10%        3d5       56%         4


Dungeon Overview and Level Annotations

Branches:
Dungeon (3/15) Zot: 1570

Altars:


Innate Abilities, Weirdness & Mutations

You passively map a small area around you.
You are easily found by Zot.
You glow in the dark.
You regain HP and MP as you explore.


Message History

The worm completely misses you.
Your Ice Magic skill increases to level 5!
You see here 8 gold pieces.
You now have 40 gold pieces (gained 8).
Casting: Freeze (safe; 2% risk of failure)
Confirm with . or Enter, or press ? or * to list all spells.
Aiming: Freeze (safe; 2% risk of failure)
Press: ? - help, Shift-Dir - straight line, f - worm
Aim: a worm You miscast Freeze.
You are very lightly contaminated with residual magic.
Nothing appears to happen.
The worm bites you.
* * * LOW HITPOINT WARNING * * *
Casting: Freeze (safe; 2% risk of failure)
Confirm with . or Enter, or press ? or * to list all spells.
Aiming: Freeze (safe; 2% risk of failure)
Press: ? - help, Shift-Dir - straight line, f/p - worm
Aim: a worm You freeze the worm.
The worm is moderately wounded.
Unknown command.
Casting: Freeze (safe; 2% risk of failure)
Confirm with . or Enter, or press ? or * to list all spells.
Aiming: Freeze (safe; 2% risk of failure)
Press: ? - help, Shift-Dir - straight line, f/p - worm
Aim: a worm (moderately wounded)
You freeze the worm.
The worm is moderately wounded.
The worm misses you.
Unknown command.
Casting: Freeze (safe; 2% risk of failure)
Confirm with . or Enter, or press ? or * to list all spells.
Aiming: Freeze (safe; 2% risk of failure)
Press: ? - help, Shift-Dir - straight line, f/p - worm
Aim: a worm (moderately wounded)
You freeze the worm!
The worm is severely wounded.
The worm bites you!
Ouch! That really hurt!
You die...

* , , ** * >..
......≈≈#..#8###8#. *#..
#.....≈≈####.....#### #..
#.....≈≈≈≈≈≈≈≈~≈≈≈≈≈≈~ *
##.. #.....≈≈≈≈≈≈≈≈~≈≈≈≈≈
...^ #.$................
....##....######.....+
.....................#*
...)...........w@....# *,
, #....................#
*
#........................
............#+#.......###
......................#
...)....##......#.#.#.#
........##...[.<#.#.#.# ,
.#########.....##.#.#.# *
#.....+


You could see a worm.

Vanquished Creatures
  A dart slug (D:2)
  A worm (D:3)
  A bat (D:1)
  An endoplasm (D:2)
  A goblin (D:1)
  2 kobolds
  4 rats
11 creatures vanquished.

Notes
Turn   | Place    | Note
-------+----------+-------------------------------------------
     0 | D:1      | hawla the Meteoran Ice Elementalist began the quest for the
                  | Orb.
     0 | D:1      | Reached XP level 1. HP: 14/14 MP: 5/5
   130 | D:2      | Reached XP level 2. HP: 20/20 MP: 3/6
   151 | D:2      | Found a faded altar of an unknown god.
   205 | D:3      | Reached skill level 5 in Ice Magic
   229 | D:3      | Slain by a worm

Illustrated notes

Levels and vault maps discovered:
D:1:      mrwooster_arrival_statue, layout_basic, serial_shops,
          nicolae_shop_statue_plus
D:2:      layout_rooms, dreamdust_ecumenical_altar_statues, uniq_natasha
D:3:      layout_basic, gammafunk_ghost_gnarly_gnolls, due_unseen_surprise,
          uniq_terence, uniq_robin, uniq_jessica

Skill      XL: |  1  2 |
---------------+-------+-----
Ice Magic      | 5 |  5.0
Dodging        | |  2.4
Stealth        | |  1.4
Spellcasting   | |  2.9

Action                   || total
-------------------------++-------
Melee: Unarmed           ||     1
 Cast: Freeze            ||    19
Armor: Robe              ||     6
Dodge: Dodged            ||     9
